 Dungeon Crawl Stone Soup version 0.29-a0-286-g41199d4a87 (webtiles) character file.

Game seed: 16349118876808199912

2865 Kizar the Covert (level 9, -15/41 HPs)
             Began as a Spriggan Enchanter on Mar 16, 2022.
             Hit by a large rock thrown by a cyclops (25 damage)
             ... on level 8 of the Dungeon.
             The game lasted 00:19:33 (8250 turns).

Kizar the Covert (Spriggan Enchanter)               Turns: 8250, Time: 00:19:33

Health: -15/41     AC: 10    Str:  8    XL:     9   Next: 47%
Magic:  21/32      EV: 20    Int: 16    God:
Gold:   361        SH:  5    Dex: 24    Spells: 15/26 levels left

rFire   . . .      SeeInvis +   e - +1 dagger (drain)
rCold   . . .      Faith    .   (no shield)
rNeg    . . .      Spirit   .   b - +1 robe
rPois   .          Reflect  +   (helmet restricted)
rElec   .          Harm     .   B - +2 cloak
rCorr   .          Rampage  .   (gloves unavailable)
Will    ++++.                   (boots unavailable)
Stlth   +++++.....              A - amulet of reflection
HPRegen 0.13/turn               z - ring of magical power
MPRegen 0.23/turn               o - ring "Toppub" {Drain Will+++ AC+4 Dex+8 Slay+2}

@: very quick
A: very small, no large weapons, unfitting armour, see invisible, speed 3,
subdued magic 1
a: no special abilities


You were on level 8 of the Dungeon.
You visited 2 branches of the dungeon, and saw 9 of its levels.

You collected 361 gold pieces.

Inventory:

Hand Weapons
 a - a +1 dagger
 e - a +1 dagger of draining (weapon)
 u - a +5 dagger
Missiles
 p - an atropa-tipped dart (quivered)
 q - 12 poisoned darts
 t - a throwing net
Armour
 b - a +1 robe (worn)
 B - a +2 cloak (worn)
Jewellery
 i - a ring of resist corrosion
 o - the ring "Toppub" (right hand) {Drain Will+++ AC+4 Dex+8 Slay+2}
   (You found it on level 3 of the Dungeon)

   [ring of protection]

   AC:        It affects your AC (+4).
   Dex:       It affects your dexterity (+8).
   Slay:      It affects your accuracy & damage with ranged weapons and melee
   (+2).
   Drain:     It drains your maximum health when unequipped.
   Will:      It greatly increases your willpower.
 z - a ring of magical power (left hand)
 A - an amulet of reflection (around neck)
Scrolls
 l - 2 scrolls of teleportation
 r - a scroll of fog
 w - 3 scrolls of magic mapping
 x - a scroll of blinking
 y - a scroll of amnesia
Potions
 c - 3 potions of invisibility
 d - 4 potions of lignification
 f - 3 potions of might
 g - a potion of magic {unknown}
 h - a potion of curing {unknown}
 j - 3 potions of brilliance
 k - 2 potions of haste
 m - a potion of heal wounds {unknown}
 s - a potion of flight {unknown}
 v - 2 potions of resistance


   Skills:
 + Level 1.5 Fighting
 + Level 2.6 Short Blades
 + Level 4.1 Dodging
 + Level 10.9 Stealth
 + Level 9.4 Spellcasting
 + Level 9.8 Hexes


You had 15 spell levels left.
You knew the following spells:

 Your Spells              Type           Power      Damage    Failure   Level
a - Ensorcelled Hibernat  Hex/Ice        34%        N/A       1%          2
b - Tukima's Dance        Hex            29%        N/A       1%          3
c - Dazzling Flash        Conj/Hex       34%        N/A       2%          3
d - Confusing Touch       Hex            29%        N/A       1%          3

Your spell library contained the following spells:

 Spells                   Type           Power      Damage    Failure   Level
 Portal Projectile        Hex/Tloc       34%        N/A       2%          3
 Beastly Appendage        Tmut           10%        N/A       8%          1
 Magic Dart               Conj           20%        1d4       8%          1
 Shock                    Conj/Air       20%        1d4       8%          1
 Fulminant Prism          Conj/Hex       8%         3d7       11%         4
 Leda's Liquefaction      Hex/Erth       8%         N/A       11%         4
 Searing Ray              Conj           10%        2d4       12%         2
 Wereblood                Tmut           5%         N/A       12%         2
 Call Canine Familiar     Summ           5%         N/A       24%         3
 Gell's Gravitas          Tloc           5%         N/A       24%         3
 Lesser Beckoning         Tloc           5%         N/A       24%         3
 Spider Form              Tmut/Pois      5%         N/A       24%         3
 Swiftness                Air            5%         N/A       24%         3
 Teleport Other           Tloc           5%         N/A       24%         3
 Summon Mana Viper        Hex/Summ       17%        N/A       30%         5
 Airstrike                Air            2%         N/A       63%         4
 Summon Ice Beast         Ice/Summ       5%         N/A       63%         4
 Monstrous Menagerie      Summ           2%         N/A       100%        7
 Borgnjor's Revivificati  Necr           2%         N/A       100%        8
 Necromutation            Tmut/Necr      2%         N/A       100%        8
 Death's Door             Necr           2%         N/A       100%        9


Dungeon Overview and Level Annotations

Branches:
Dungeon (8/15)             Temple (1/1) D:6
   Lair: D:8-11

Altars:
Ashenzari
Elyvilon
Fedhas
Gozag
Hepliaklqana
Kikubaaqudgha
Makhleb
Nemelex Xobeh
Okawaru
Qazlal
Ru
Sif Muna
Trog
Wu Jian
Xom
Yredelemnul
Zin
The Shining One

Shops:
D:4 (


Innate Abilities, Weirdness & Mutations

You are very small and have problems with some larger weapons.
You are too small for most types of armour.
You have supernaturally acute eyesight. (SInv)
You cover ground extremely quickly. (Speed+++)
Your spells are a little easier to cast, but a little less powerful.


Message History

An orc comes into view. It is wielding a +0 hand axe.
Casting: Ensorcelled Hibernation (safe; 1% risk of failure)
Confirm with . or Enter, or press ? or * to list all spells.
Aiming: Tukima's Dance (safe; 1% risk of failure)
Press: ? - help, Shift-Dir - straight line, f/p - orc
Aim: an orc, wielding a +0 dagger, wearing a +0 leather armour and quivering boomerangs (chance to affect: 75%)
The +0 dagger dances into the air!
The orc shouts!
The orc throws a boomerang.
The boomerang hits you but does no damage.
Unknown command.
Unknown command.
Unknown command.
Casting: Tukima's Dance (safe; 1% risk of failure)
Confirm with . or Enter, or press ? or * to list all spells.
Aiming: Tukima's Dance (safe; 1% risk of failure)
Press: ? - help, Shift-Dir - straight line, f - orc, p - orc
Aim: an orc, wielding a +0 hand axe (chance to affect: 75%)
The orc struggles to resist.
The orc throws a boomerang.
You reflect the boomerang off an invisible shield around you!
The boomerang hits the orc.
An arrow appears from out of your range of vision.
The arrow hits your +0 dagger!
Your +0 dagger falls from the air.
Unknown command.
Unknown command.
Unknown command.
Unknown command.
Unknown command.
A centaur comes into view. It is wielding a +0 shortbow.
The cyclops throws a large rock.
The large rock hits you!!
Ouch! That really hurt!
* * * LOW HITPOINT WARNING * * *
The orc throws a boomerang.
You reflect the boomerang off an invisible shield around you!
The boomerang hits the orc.
Unknown command.
The cyclops throws a large rock.
The large rock hits you!!
Ouch! That really hurt!
You die...

#..(......##.
#............
#.........)..
#....C.......
###.c...#
#......##
##...(......
###...........
#.@oo.........
#.............
#......#........
##....##..#.....
##.... ..####.
#....#... #.....
.## .......


You could see a cyclops, a centaur (wandering) and 2 orcs.

Vanquished Creatures
  Prince Ribbit (D:5)
  Sigmund (D:5)
  An orc warrior (D:8)
  2 ice beasts (D:6)
  3 sky beasts
  A black bear (D:7)
  An ogre (D:6)
  A phantom (D:6)
  A kobold brigand (D:6)
  A necrophage (D:6)
  A bullfrog (D:7)
  4 scorpions
  3 wights (D:6)
  3 killer bees (D:5)
  An electric eel (D:7)
  A howler monkey (D:5)
  6 hounds
  An orc priest (D:6)
  Jessica (D:3)
  5 orc wizards
  3 iguanas
  2 gnolls (D:5)
  6 adders
  An ufetubus (D:4)
  2 worms
  2 dart slugs
  26 orcs
  8 bats
  4 endoplasms
  3 giant cockroaches
  6 goblins
  9 hobgoblins
  4 jackals (D:2)
  3 quokkas
  9 ball pythons
  A frilled lizard (D:2)
  12 kobolds
  8 rats
148 creatures vanquished.

Vanquished Creatures (collateral kills)
  5 wights (D:6)
  2 gnolls (D:5)
  An orc (D:7)
8 creatures vanquished.

Vanquished Creatures (others)
  5 dancing weapons
  2 plants (D:7)
7 creatures vanquished.

Grand Total: 163 creatures vanquished

Notes
Turn   | Place    | Note
-------+----------+-------------------------------------------
     0 | D:1      | Kizar the Spriggan Enchanter began the quest for the Orb.
     0 | D:1      | Reached XP level 1. HP: 9/9 MP: 5/5
   248 | D:2      | Reached XP level 2. HP: 13/13 MP: 7/7
   252 | D:2      | Learned a level 2 spell: Ensorcelled Hibernation
   320 | D:2      | Found a blossoming altar of Fedhas.
   536 | D:2      | Reached XP level 3. HP: 16/16 MP: 3/9
   540 | D:2      | Learned a level 3 spell: Tukima's Dance
   544 | D:2      | Learned a level 3 spell: Confusing Touch
  1634 | D:1      | Reached XP level 4. HP: 21/21 MP: 11/11
  1869 | D:3      | Reached skill level 5 in Hexes
  2019 | D:3      | Noticed Jessica
  2029 | D:3      | Killed Jessica
  2790 | D:3      | Identified the ring "Toppub" {Drain Will+++ AC+4 Dex+8
                  | Slay+2}
  2912 | D:4      | Noticed a scorpion
  2917 | D:4      | Killed a scorpion
  2918 | D:4      | Reached skill level 5 in Spellcasting
  2918 | D:4      | Reached XP level 5. HP: 24/24 MP: 11/13
  2962 | D:4      | Found Leheg's Antique Weapon Emporium.
  3278 | D:4      | Noticed a sky beast
  3286 | D:4      | Killed a sky beast
  3287 | D:4      | Reached skill level 5 in Stealth
  3287 | D:4      | Reached XP level 6. HP: 28/28 MP: 7/15
  3351 | D:4      | Learned a level 3 spell: Dazzling Flash
  3791 | D:5      | Entered Level 5 of the Dungeon
  3794 | D:5      | Noticed Prince Ribbit
  3810 | D:5      | Killed Prince Ribbit
  3811 | D:5      | Reached skill level 6 in Stealth
  3811 | D:5      | Reached XP level 7. HP: 22/32 MP: 11/17
  3983 | D:5      | Noticed Sigmund
  4012 | D:5      | Killed Sigmund
  4013 | D:5      | Reached skill level 7 in Stealth
  4277 | D:5      | Found a stormy altar of Qazlal.
  4394 | D:5      | Reached skill level 8 in Stealth
  4407 | D:5      | Reached XP level 8. HP: 33/36 MP: 17/20
  4977 | D:5      | Identified the +2 leather armour "Divoaju" {Will+}
  5391 | D:6      | Reached skill level 9 in Stealth
  5553 | D:6      | Found a broken altar of Ashenzari.
  6177 | D:6      | Reached skill level 10 in Stealth
  6365 | D:6      | Found a staircase to the Ecumenical Temple.
  6375 | Temple   | Entered the Ecumenical Temple
  6727 | D:6      | Reached XP level 9. HP: 39/39 MP: 23/23
  7035 | D:6      | Reached skill level 1 in Fighting
  7555 | D:7      | Found a white marble altar of Elyvilon.
  7755 | D:7      | Found a sacrificial altar of Ru.
  7825 | D:7      | Found a glowing silver altar of Zin.
  7925 | D:7      | Gained mutation: You are dopey. (Int -2) [potion of
                  | mutation]
  7925 | D:7      | Gained mutation: You passively map a small area around you.
                  | [potion of mutation]
  7925 | D:7      | Gained mutation: You have an increased reservoir of magic.
                  | (+10% MP) [potion of mutation]
  7926 | D:7      | Lost mutation: You are dopey. (Int -2) [potion of mutation]
  7926 | D:7      | Lost mutation: You have an increased reservoir of magic.
                  | (+10% MP) [potion of mutation]
  7926 | D:7      | Lost mutation: You passively map a small area around you.
                  | [potion of mutation]
  7926 | D:7      | Gained mutation: Your spells are a little easier to cast,
                  | but a little less powerful. [potion of mutation]
  8234 | D:8      | Noticed a cyclops
  8250 | D:8      | Hit by a large rock thrown by a cyclops

Illustrated notes

Levels and vault maps discovered:
D:1:      minmay_arrival_doors, layout_rooms
D:2:      layout_loops_ring, basic_altar, minmay_pentomino_v4
D:3:      layout_loops_corners, uniq_jessica
D:4:      layout_basic, serial_shops, shop
D:5:      layout_loops_ring, kennysheep_little_box, uniq_prince_ribbit1,
          uniq_sigmund
D:6:      layout_layer_cave, lemuel_crystal_altar, lemuel_temple_firewalk_b
D:7:      layout_basic, zin_academy, nicolae_elyvilon_temple_path,
          nicolae_ru_great_annihilating_truth
D:8:      layout_cave_pools
Temple:   nicolae_temple_figure_eight

Skill      XL: |  1  2  3  4  5  6  7  8  9 |
---------------+----------------------------+-----
Spellcasting   | 3 4 5 6 7 9 |  9.4
Hexes          | 4 5 6 7 9 |  9.8
Stealth        | 5 6 8 10 | 10.9
Dodging        | 4 |  4.1
Fighting       | 1 |  1.5
Short Blades   | 2 |  2.6

Action                   |  1- 3 |  4- 6 |  7- 9 || total
-------------------------+-------+-------+-------++-------
Melee: Dagger            |   120 |    58 |   271 ||   449
       Punch             |       |       |     3 ||     3
Throw: Dart              |       |       |     1 ||     1
 Cast: Ensorcelled Hiber |     5 |    18 |    41 ||    64
       Tukima's Dance    |       |       |    19 ||    19
       Confusing Touch   |       |       |     6 ||     6
  Use: Scroll            |     5 |     7 |     6 ||    18
       Potion            |       |       |     2 ||     2
 Stab: Sleeping          |    12 |    17 |    25 ||    54
       Confused          |       |       |     6 ||     6
       Paralysed         |       |       |     1 ||     1
Armor: Robe              |    20 |     7 |    54 ||    81
Dodge: Dodged            |   107 |    38 |   195 ||   340
Block: Other             |       |       |     7 ||     7
       Reflection        |       |       |     2 ||     2

Table legend: (Time is in decaauts)
 A = Elapsed time spent in this place.
 B = Non-inter-level travel time spent in this place.
 C = Inter-level travel time spent in this place.
 D = Time resting spent in this place.
 E = Time spent auto-exploring this place.
 F = Levels seen in this place.
 G = Mean time per level.
                   A        B        C        D        E       F      G
               +--------+--------+--------+--------+--------+-----+--------+
         Total |   6142 |   6031 |    111 |    388 |   4483 |   9 |  682.4 |
       Dungeon |   6004 |   5901 |    103 |    388 |   4356 |   8 |  750.5 |
        Temple |    137 |    130 |      7 |      0 |    127 |   1 |  137.0 |
               +--------+--------+--------+--------+--------+-----+--------+

Top non-repeatable levels by time:
     D:6: 1552 daAuts
     D:5: 991 daAuts
     D:4: 827 daAuts
     D:1: 766 daAuts
     D:3: 743 daAuts
     D:2: 612 daAuts
     D:7: 494 daAuts
  Temple: 137 daAuts
     D:8: 17 daAuts
